 Dungeon Crawl Stone Soup version bcrawl-1.19.2-6-g6a88ae04c9 (webtiles) character file.

Game seed: 15766021251508594360

137 Mrkan the Poker (level 5, -2/42 HPs)
             Began as a Merfolk Monk on Dec 24, 2019.
             Was a Believer of Makhleb.
             Killed by divine providence
             ... invoked by an orc priest
              (8 damage)
             ... on level 3 of the Dungeon.
             The game lasted 00:03:24 (2476 turns).

Mrkan the Poker (Merfolk Monk)                      Turns: 2476, Time: 00:03:25

Health: -2/42      AC:  4    Str: 12    XL:     5   Next: 20%
Magic:  0/6        EV: 14    Int: 14    God:    Makhleb [**....]
Gold:   196        SH:  0    Dex: 17    Spells: 4/4 levels left

rFire    . . .     SeeInvis .   a - +0 spear
rCold    . . .     Gourm    .   (no shield)
rNeg     . . .     Faith    .   p - +0 leather armour
rPois    .         Spirit   +   c - +0 hat
rElec    .         Reflect  .   (no cloak)
rCorr    .         Harm     .   j - +0 pair of gloves
MR       .....                  (no boots)
Stlth    ++........             d - amulet of guardian spirit
HPRegen  0.14/turn              (no ring)
MPRegen  0.10/turn              (no ring)

@: brilliant, lethally poisoned (-2 -> -4)
A: change form in water, swift swim, stealthy swim
a: Minor Destruction, Renounce Religion


You were on level 3 of the Dungeon.
You worshipped Makhleb.
Makhleb was pleased with you.
You were not hungry.

You visited 1 branch of the dungeon, and saw 3 of its levels.

You collected 196 gold pieces.

Inventory:

Hand Weapons
 a - a +0 spear (weapon)
Armour
 b - a +0 robe
 c - a +0 hat (worn)
 j - a +0 pair of gloves (worn)
 p - a +0 leather armour (worn)
Jewellery
 d - an amulet of guardian spirit (around neck)
Scrolls
 e - 6 scrolls of remove curse {unknown}
 k - a scroll of noise {unknown}
 l - 2 scrolls of identify {unknown}
 m - a scroll of magic mapping {unknown}
Potions
 g - 2 potions of flight {unknown}
 h - 2 potions of brilliance
 i - a potion of heal wounds {unknown}
 n - a potion of haste {unknown}
 o - a potion of lignification {unknown}
 r - a potion of cancellation {unknown}
Comestibles
 f - 5 rations {!d}
 q - 7 chunks of flesh


   Skills:
 + Level 4.0 Fighting
 * Level 6.2 Polearms
 + Level 4.9 Dodging
 + Level 3.5 Stealth
 - Level 2.1 Invocations


You had 4 spell levels left.
You didn't know any spells.
Your spell library was empty.

Dungeon Overview and Level Annotations

Branches:
Dungeon (3/12)

Altars:
Makhleb


Message History

The orc hits you with a +0 war axe!
* * * LOW HITPOINT WARNING * * *
You barely miss the orc.
The orc is severely wounded.
You feel sick.
You hit the orc but do no damage.
The orc is severely wounded.
The orc closely misses you.
You hit the orc.
You kill the orc!
Makhleb accepts your kill.
You feel better.
You feel sick.
You feel sick.
You barely miss the orc.
You feel sick. The orc misses you.
It was a potion of brilliance.
You feel clever all of a sudden.
The orc priest mumbles some strange prayers to Beogh against you.
Beogh smites you!
You die...

#........#
#........####
#............
##.........#
##...#....#
###.#....# #...
#..#.#### #...
#.##. ...
#@##.#####.. ##o#
..#....# #oo#
#.#.#..# #.##
#.#.#.###
##o####.o.....#.o#
#...).ow........#
#..###o...##.#.....
#### #....# .# ...#
#......## #.#


You could see an orc priest, an orc wizard and 2 orcs.

Vanquished Creatures
  A hound (D:2)
  3 adders
  A worm (D:2)
  3 dart slugs
  5 leopard geckos
  An orc (D:3)
  5 giant cockroaches
  7 hobgoblins
  6 jackals (D:1)
  7 kobolds
  A quokka (D:3)
  7 bats
  4 frilled lizards
  8 goblins
  4 rats
63 creatures vanquished.

Notes
Turn   | Place    | Note
-------+----------+-------------------------------------------
     0 | D:1      | Mrkan the Merfolk Monk began the quest for the Orb.
     0 | D:1      | Reached XP level 1. HP: 18/18 MP: 2/2
   461 | D:1      | Reached XP level 2. HP: 24/24 MP: 3/3
   629 | D:1      | Reached skill level 5 in Polearms
   705 | D:1      | Reached XP level 3. HP: 18/29 MP: 4/4
  1625 | D:2      | Reached XP level 4. HP: 29/37 MP: 5/5
  1626 | D:2      | Found a burning altar of Makhleb.
  1632 | D:2      | Became a worshipper of Makhleb the Destroyer
  1632 | D:2      | Reached * piety under Makhleb
  1632 | D:2      | Reached ** piety under Makhleb
  2056 | D:2      | Reached skill level 6 in Polearms
  2371 | D:3      | Reached XP level 5. HP: 33/42 MP: 4/6
  2476 | D:3      | Killed from afar by an orc priest

Skill      XL: |  1  2  3  4  5 |
---------------+----------------+-----
Polearms       | 5 6 |  6.2
Stealth        | 3 |  3.5
Fighting       | 4 |  4.0
Dodging        | |  4.9
Invocations    | |  2.1

Action                   |  1- 3 |  4- 6 || total
-------------------------+-------+-------++-------
Melee: Spear             |   150 |    84 ||   234
  Use: Potion            |       |     1 ||     1
 Stab: Sleeping          |     7 |     3 ||    10
  Eat: Chunk             |     2 |     3 ||     5
Armor: Robe              |    30 |       ||    30
       Leather armour    |     7 |    15 ||    22
Dodge: Dodged            |   157 |    47 ||   204
